 Dungeon Crawl Stone Soup version 0.24.1-14-gf8d2b509d9 (webtiles) character file.

Game seed: 15636156598504862604, levelgen mode: deterministic

670 nightchill the Distorting Ant (level 7, 0/56 HPs)
             Began as a Formicid Abyssal Knight on June 1, 2020.
             Was a Believer of Lugonu.
             Slain by a jelly (3 damage)
             ... on level 5 of the Dungeon.
             The game lasted 00:10:38 (5779 turns).

nightchill the Distorting Ant (FoAK)                Turns: 5779, Time: 00:10:39

Health: 0/56       AC: -1    Str: 19    XL:     7   Next: 89%
Magic:  11/11      EV: 10    Int: 11    God:    Lugonu [**....]
Gold:   178        SH:  0    Dex: 10    Spells: 6/6 levels left

rFire    . . .     SeeInvis +   a - +4 hand axe (freeze)
rCold    . . .     Gourm    .   (no shield)
rNeg     . . .     Faith    .   f - +0 ring mail (curse)
rPois    .         Spirit   .   (helmet unavailable)
rElec    .         Reflect  .   (no cloak)
rCorr    .         Harm     .   t - +0 pair of gloves
MR       .....                  (no boots)
Stlth    ..........             l - amulet of magic regeneration
HPRegen  0.18/turn              (no ring)
MPRegen  0.37/turn              (no ring)

@: corroded
A: permanent stasis, dig shafts and tunnels, four strong arms, antennae 3
a: Dig, Shaft Self, Depart the Abyss, Bend Space, Renounce Religion


You were on level 5 of the Dungeon.
You worshipped Lugonu.
Lugonu was pleased with you.
You were not hungry.

You visited 1 branch of the dungeon, and saw 5 of its levels.
You visited the Abyss 1 time.

You collected 178 gold pieces.

Inventory:

Hand Weapons
 a - a +4 hand axe of freezing (weapon)
 b - a +0 war axe
 r - a +1 hand axe
Missiles
 v - 132 stones (quivered)
Armour
 f - a cursed +0 ring mail (worn)
 s - a +0 leather armour
 t - a +0 pair of gloves (worn)
 y - a cursed +0 plate armour
Jewellery
 l - an amulet of magic regeneration (around neck)
 u - an uncursed ring of magical power {unknown}
Scrolls
 i - 2 scrolls of magic mapping {unknown}
 j - a scroll of fog {unknown}
 n - 2 scrolls of enchant armour {unknown}
 q - 3 scrolls of identify {unknown}
Potions
 d - a potion of cancellation {unknown}
 e - a potion of agility {unknown}
 g - 3 potions of might {unknown}
 h - a potion of resistance {unknown}
 k - a potion of brilliance {unknown}
 m - a potion of degeneration {unknown}
 o - a potion of heal wounds {unknown}
 p - a potion of berserk rage {unknown}
 w - a potion of curing {unknown}
Comestibles
 c - 7 rations
 x - 3 chunks of flesh


   Skills:
 + Level 5.0 Fighting
 * Level 5.3 Axes
 - Level 2.1 Armour
 - Level 0.8 Dodging
 * Level 6.5 Invocations


You had 6 spell levels left.
You didn't know any spells.
Your spell library was empty.

Dungeon Overview and Level Annotations

Branches:
Dungeon (5/15)
 Temple: D:4-7

Altars:
Nemelex Xobeh


Innate Abilities, Weirdness & Mutations

You cannot be hasted, slowed, berserked, paralysed or teleported.
You can dig through walls and to a lower floor.
Your four strong arms can wield two-handed weapons with a shield.
You have a pair of large antennae on your head. (SInv)


Message History

The centaur misses you.
You hit the centaur. You freeze the centaur.
You kill the centaur!
Lugonu accepts your kill.
Your Fighting skill increases to level 5!
The jelly closely misses you.
Okay, then.
You hit the jelly. You freeze the jelly. The acid corrodes you!
Your hands burn!
* * * LOW HITPOINT WARNING * * *
The jelly is moderately wounded.
The jelly hits you.
* * * LOW HITPOINT WARNING * * *
The acid corrodes you!
You are splashed with acid!
* * * LOW HITPOINT WARNING * * *
You hit the jelly. You freeze the jelly.
Your hands burn!
* * * LOW HITPOINT WARNING * * *
The jelly is heavily wounded.
The jelly hits you.
You die...

#. #.# #.#
#s# #.# {
#.# #.####
#.{#@#
#(#J##
#(### #.#
#(# #.#
### #.#
#<#
#.######)#
#........#


You could see a jelly.

Vanquished Creatures
  An orc warrior (D:4)
  A centaur (D:5)
  A bullfrog (D:4)
  A howler monkey (D:4)
  An orc priest (D:4)
  3 orc wizards
  An iguana (D:4)
  2 worker ants (D:4)
  9 adders
  An ooze (D:3)
  4 worms
  A dart slug (D:4)
  3 leopard geckos
  14 orcs
  7 bats
  4 giant cockroaches
  6 goblins
  10 hobgoblins
  10 jackals
  9 kobolds
  A quokka (D:3)
  A ball python (D:3)
  3 frilled lizards
  A leopard gecko skeleton (D:4)
  5 rats
100 creatures vanquished.

Notes
Turn   | Place    | Note
-------+----------+-------------------------------------------
     0 | Abyss:1  | nightchill the Formicid Abyssal Knight began the quest for
                  | the Orb.
     0 | Abyss:1  | Reached XP level 1. HP: 18/18 MP: 2/2
    53 | Abyss:1  | Noticed a spatial maelstrom
    53 | Abyss:1  | Noticed a spatial vortex
    53 | Abyss:1  | Noticed a spatial vortex
    54 | Abyss:1  | Noticed a spatial vortex
    55 | D:1      | Escaped the Abyss
   317 | D:1      | Reached * piety under Lugonu
   428 | D:1      | Reached XP level 2. HP: 23/24 MP: 3/3
  1231 | D:2      | Reached skill level 3 in Invocations
  1231 | D:2      | Reached XP level 3. HP: 29/29 MP: 5/5
  1812 | D:2      | Found a faded altar of an unknown god.
  2292 | D:2      | Reached XP level 4. HP: 37/37 MP: 6/6
  2323 | D:2      | Found a sparkling altar of Nemelex Xobeh.
  3067 | D:3      | Reached XP level 5. HP: 41/42 MP: 7/7
  3080 | D:3      | Reached skill level 4 in Invocations
  3645 | D:3      | Reached ** piety under Lugonu
  3700 | D:3      | Reached XP level 6. HP: 48/48 MP: 9/9
  4195 | D:4      | Reached skill level 5 in Invocations
  4444 | D:4      | Reached XP level 7. HP: 24/55 MP: 9/11
  4958 | D:4      | Found a sparkling altar of Nemelex Xobeh.
  5088 | D:4      | Reached skill level 5 in Axes
  5088 | D:4      | Reached skill level 6 in Invocations
  5737 | D:5      | Entered Level 5 of the Dungeon
  5777 | D:5      | Reached skill level 5 in Fighting
  5779 | D:5      | HP: 2/56 [acid (1)]
  5779 | D:5      | Slain by a jelly

Levels and vault maps discovered:
D:1:      minmay_arrival_four_loops, layout_loops_cross, kennysheep_nondescript,
          chequers_serial_rivers_large_b, nrook_loot_triangle
D:2:      layout_basic, chequers_ecumenical_altar_simple,
          nemelex_spade_bored_becter
D:3:      layout_loops_corners, nicolae_underground_beach
D:4:      layout_basic, nemelex_altar_shiori, minmay_fountain_box,
          hangedman_decor_diamond_cutter, guppyfry_early_orc_mine
D:5:      layout_basic, lemuel_round_altar, first_ration, uniq_eustachio

Skill      XL: |  1  2  3  4  5  6  7 |
---------------+----------------------+-----
Invocations    | 3 4 5 6 |  6.5
Axes           | 3 4 5 |  5.3
Fighting       | 4 5 |  5.0
Armour         | |  2.1
Dodging        | |  0.8

Action                   |  1- 3 |  4- 6 |  7- 9 || total
-------------------------+-------+-------+-------++-------
Melee: Hand axe          |    97 |   161 |    57 ||   315
Invok: Depart the Abyss  |     1 |       |       ||     1
 Abil: Dig               |       |       |     3 ||     3
  Eat: Chunk             |     4 |     7 |     5 ||    16
Armor: Leather armour    |    26 |       |       ||    26
       Ring mail         |     2 |    64 |    15 ||    81
Dodge: Dodged            |    58 |    64 |    22 ||   144
